 Dungeon Crawl Stone Soup version 0.29-a0-757-g358383bc75 (webtiles) character file.

Game seed: 9053331249976710835

446 zeratav the Ruffian (level 6, -1/62 HPs)
             Began as a Troll Fighter on July 1, 2022.
             Slain by an ufetubus (3 damage)
             ... summoned by Eustachio
             ... on level 5 of the Dungeon.
             The game lasted 00:04:34 (3714 turns).

zeratav the Ruffian (Troll Fighter)                 Turns: 3714, Time: 00:04:35

Health: -1/62      AC:  5    Str: 27      XL:     6   Next: 73%
Magic:  5/5        EV:  8    Int:  4      God:
Gold:   21         SH:  7    Dex:  6 (9)  Spells: 5/5 levels left

rFire   . . .      SeeInvis .     - Unarmed
rCold   . . .      Faith    .   b - +0 kite shield
rNeg    . . .      Spirit   .   a - +0 robe
rPois   .          Reflect  .   (helmet restricted)
rElec   .          Harm     .   m - +0 cloak {rCorr}
rCorr   +          Rampage  .   (gloves unavailable)
Will    .....                   (boots unavailable)
Stlth   +.........              (no amulet)
HPRegen 1.00/turn               (no ring)
MPRegen 0.09/turn               (no ring)

@: no status effects
A: large, unfitting armour, claws 3, regeneration 1, shaggy fur 1, tough skin 1
a: no special abilities


You were on level 5 of the Dungeon.
You visited 1 branch of the dungeon, and saw 5 of its levels.

You collected 133 gold pieces.
You spent 112 gold pieces at shops.


Innate Abilities, Weirdness & Mutations

You are too large for most types of armour.
You have claws for hands.
Your natural rate of healing is unusually fast.
You are covered in fur. (AC +1)
You have tough skin. (AC +1)


   Skills:
 + Level 3.6 Fighting
 + Level 2.7 Throwing
 - Level 2.4 Dodging
 + Level 4.0 Shields
 + Level 4.4 Unarmed Combat


You had 5 spell levels left.
You didn't know any spells.
Your spell library contained the following spells:

 Spells                   Type           Power      Damage    Failure   Level
 Blink                    Tloc           0%         N/A       89%         2
 Sublimation of Blood     Necr           0%         N/A       89%         2
 Wereblood                Tmut           0%         N/A       89%         2
 Tukima's Dance           Hex            0%         N/A       98%         3
 Passage of Golubria      Tloc           0%         N/A       100%        4
 Manifold Assault         Tloc           0%         N/A       100%        5
 Yara's Violent Unravell  Hex/Tmut       0%         3d3       100%        5
 Storm Form               Tmut/Air       0%         N/A       100%        7
 Summon Hydra             Summ           0%         N/A       100%        7

Inventory:

Armour
 a - a +0 robe (worn)
 b - a +0 kite shield (worn)
 m - a +0 cloak of preservation (worn)
   (You took it off Crazy Yiuf on level 2 of the Dungeon)
Wands
 k - a wand of quicksilver (4)
   (You took it off Terence on level 2 of the Dungeon)
Scrolls
 g - 6 scrolls of enchant weapon
 j - 4 scrolls of blinking {!r}
 n - a scroll of fear
 o - 2 scrolls of magic mapping {!r}
 p - a scroll of brand weapon
 r - a scroll of fog
 t - 2 scrolls of immolation {!r!r}
 u - a scroll of teleportation {@r4}
Potions
 c - 2 potions of might
 d - 2 potions of ambrosia
 e - a potion of haste {@q3}
 f - 2 potions of mutation {unknown}
 h - a potion of invisibility {unknown}
 i - 2 potions of curing {unknown}
 l - 3 potions of brilliance {unknown}
 q - 2 potions of degeneration {unknown}
 s - a potion of attraction {unknown}

Dungeon Overview and Level Annotations

Branches:
Dungeon (5/15) Zot: 26266
 Temple: D:4-7

Altars:
Dithmenos
Gozag

Shops:
D:1 *   D:2 ?[

Annotations:
D:3 3 runed translucent doors, chrisa4242's ghost, weakling OpHu
D:5 1 runed translucent door, Eustachio; chrisa4242's ghost, novice DsCK

############
##..........##
##............##
#..............#
#..rr5........######
#..5@@........#≈≈≈≈≈≈
#....b.§......+r≈≈≈[≈
#.<..§........#Wr≈≈≈≈
##...§§.......#######
##............######
###########........
###.##### .# ..


You could see Eustachio, a quasit (summoned), an ufetubus (summoned), a quokka
(summoned), a bat (summoned) and a rat (summoned).


Message History

The quasit bites you.
You feel clumsy. The quasit closely misses you. The quasit barely misses you.
You block the ufetubus's attack. The ufetubus closely misses you.
HP[-8]
You take 8 damage, and now have 37/62 hp.
You miss the quasit.
The ufetubus hits you but does no damage.
The ufetubus hits you. The quokka barely misses you. The quasit bites you.
The quasit closely misses you. The quasit claws you.
* * * LOW HITPOINT WARNING * * *
Eustachio barely misses you. You block the white imp's attack.
The rat barely misses you.
You are too injured to fight recklessly!
HP[-6]
You take 6 damage, and now have 31/62 hp.
You are too injured to fight recklessly!
You are too injured to fight recklessly!
You are too injured to fight recklessly!
You are too injured to fight recklessly!
You are too injured to fight recklessly!
You are too injured to fight recklessly!
You are too injured to fight recklessly!
You are too injured to fight recklessly!
You are too injured to fight recklessly!
You are too injured to fight recklessly!
You are too injured to fight recklessly!
You closely miss Eustachio. The ufetubus closely misses you.
The ufetubus hits you.
* * * LOW HITPOINT WARNING * * *
The quasit bites you but does no damage.
You block the quasit's attack. The quasit claws you.
* * * LOW HITPOINT WARNING * * *
The quokka barely misses you.
Eustachio screams, "Hey, you killed my favourite bat!"
Eustachio barely misses you. You block the white imp's attack.
The ufetubus hits you.
* * * LOW HITPOINT WARNING * * *
The ufetubus hits you but does no damage.
The rat barely misses you. The quasit closely misses you.
You block the quasit's attack.
The quasit claws you but does no damage.
The quokka closely misses you.
HP[-4]
You take 4 damage, and now have 27/62 hp.
You closely miss Eustachio. The ufetubus hits you.
* * * LOW HITPOINT WARNING * * *
The ufetubus barely misses you. Eustachio closely misses you.
You block the white imp's attack. The quasit bites you.
* * * LOW HITPOINT WARNING * * *
The quasit claws you.
* * * LOW HITPOINT WARNING * * *
You block the quasit's attack. You block the rat's attack.
You block the quokka's attack. The ufetubus barely misses you.
The ufetubus hits you but does no damage.
HP[-4]
You take 4 damage, and now have 23/62 hp.
You barely miss Eustachio.
The white imp disappears in a puff of smoke!
The bat hits you but does no damage. You block the quasit's attack.
The quasit barely misses you. You block the quasit's attack.
Eustachio hits you with a +0 falchion!
* * * LOW HITPOINT WARNING * * *
The ufetubus hits you but does no damage. x2
The quokka barely misses you. The rat bites you but does no damage.
The bat hits you but does no damage.
The quasit bites you but does no damage.
The quasit claws you.
* * * LOW HITPOINT WARNING * * *
You feel clumsy. You block the quasit's attack.
Eustachio hits you with a +0 falchion.
* * * LOW HITPOINT WARNING * * *
HP[-13]
You take 13 damage, and now have 10/62 hp.
MASSIVE DAMAGE!! (PAUSE)
You claw Eustachio! You block the bat's attack.
You block the ufetubus's attack.
The ufetubus hits you but does no damage.
The quokka bites you but does no damage.
The quasit bites you.
* * * LOW HITPOINT WARNING * * *
You block the quasit's attack. The quasit claws you.
* * * LOW HITPOINT WARNING * * *
You feel clumsy. The rat barely misses you. The ufetubus barely misses you.
The ufetubus hits you but does no damage.
Eustachio calls on the powers of shadow!
Eustachio hits you with a +0 falchion.
* * * LOW HITPOINT WARNING * * *
HP[-8]
You take 8 damage, and now have 2/62 hp.
You scratch Eustachio but do no damage. The quokka bites you.
* * * LOW HITPOINT WARNING * * *
The ufetubus hits you but does no damage.
You block the ufetubus's attack. You block the quasit's attack.
The quasit closely misses you.
The quasit claws you but does no damage.
The bat hits you but does no damage. The rat bites you but does no damage.
You block the quokka's attack. The ufetubus hits you.
You die...

Skill      XL: |  1  2  3  4  5  6 |
---------------+-------------------+-----
Unarmed Combat | 3 4 |  4.4
Throwing       | 1 2 |  2.7
Shields        | 3 4 |  4.0
Fighting       | 3 |  3.6
Dodging        | |  2.4

Action                   |  1- 3 |  4- 6 || total
-------------------------+-------+-------++-------
Melee: Unarmed           |    78 |   129 ||   207
Evoke: Wand              |       |     1 ||     1
  Use: Scroll            |       |    10 ||    10
 Stab: Sleeping          |     1 |     1 ||     2
Armor: Robe              |    23 |    77 ||   100
Dodge: Dodged            |    20 |    84 ||   104
Block: Kite shield       |    21 |    79 ||   100

Levels and vault maps discovered:
D:1:      kennysheep_arrival_forest, layout_basic, serial_shops,
          nicolae_square_shop, basic_ecumenical_altar
D:2:      layout_loops_ring, serial_shops, nicolae_shop_stone,
          nicolae_shop_waterfront, uniq_crazy_yiuf_cottage, uniq_terence
D:3:      layout_basic, nicolae_dithmenos_the_darkroom,
          mainiacjoe_overflow_six_doors_small, gammafunk_ghost_nasty_kobolds
D:4:      layout_basic
D:5:      layout_rooms, gammafunk_temple_overflow_wave, ebering_ghost_sewer_f,
          uniq_blork_the_orc, uniq_edmund, uniq_eustachio

Notes
Turn   | Place    | Note
-------+----------+-------------------------------------------
     0 | D:1      | zeratav the Troll Fighter began the quest for the Orb.
     0 | D:1      | Reached XP level 1. HP: 22/22 MP: 0/0
     0 | D:1      | magus.rc [v1.9.6]
   161 | D:1      | Reached XP level 2. HP: 29/29 MP: 1/1
   501 | D:1      | Reached skill level 3 in Unarmed Combat
   503 | D:1      | Found Xustrerph's Assorted Antiques.
   576 | D:1      | Found a faded altar of an unknown god.
   920 | D:2      | Found Kuadaink's Magic Scroll Boutique.
   929 | D:2      | Reached XP level 3. HP: 36/36 MP: 2/2
   952 | D:2      | You pick up a book of Blood and begin reading...
   952 | D:2      | You add the spells Sublimation of Blood, Wereblood and
                  | Summon Hydra to your library.
  1110 | D:2      | Found a runed translucent door.
  1111 | D:2      | Noticed Crazy Yiuf
  1188 | D:2      | Noticed Terence
  1196 | D:2      | HP: 6/36 [Terence/bolt of dispelling energy (21)]
  1224 | D:2      | Killed Terence
  1225 | D:2      | Reached skill level 1 in Throwing
  1225 | D:2      | Reached skill level 3 in Shields
  1257 | D:2      | You add the spells Tukima's Dance, Passage of Golubria and
                  | Yara's Violent Unravelling to your library.
  1375 | D:2      | Reached XP level 4. HP: 30/44 MP: 3/3
  1657 | D:2      | Found Olir's Antique Armour Emporium.
  1889 | D:2      | Killed Crazy Yiuf
  2033 | D:3      | Identified the +0 leather armour of Dogmatism {Harm rElec
                  | Dex-4}
  2056 | D:3      | Found a shadowy altar of Dithmenos.
  2079 | D:3      | You add the spells Blink, Manifold Assault and Storm Form
                  | to your library.
  2165 | D:3      | Reached skill level 3 in Fighting
  2238 | D:3      | Found an opulent altar of Gozag.
  2289 | D:3      | Found a runed translucent gate.
  2289 | D:3      | Found a runed translucent gate.
  2289 | D:3      | Noticed chrisa4242's ghost (weakling OpHu)
  2289 | D:3      | Noticed a kobold brigand
  2290 | D:3      | Found a runed translucent gate.
  2983 | D:4      | Reached XP level 5. HP: 53/53 MP: 4/4
  3129 | D:4      | Reached skill level 2 in Throwing
  3246 | D:2      | Bought a scroll of identify for 28 gold pieces
  3246 | D:2      | Bought a scroll of identify for 28 gold pieces
  3246 | D:2      | Bought a scroll of identify for 28 gold pieces
  3246 | D:2      | Bought a scroll of identify for 28 gold pieces
  3490 | D:4      | Reached skill level 4 in Unarmed Combat
  3532 | D:5      | Entered Level 5 of the Dungeon
  3532 | D:5      | Noticed an ice beast
  3541 | D:5      | Killed an ice beast
  3542 | D:5      | Reached XP level 6. HP: 24/61 MP: 5/5
  3580 | D:5      | Found a runed translucent door.
  3590 | D:5      | Noticed chrisa4242's ghost (novice DsCK)
  3616 | D:5      | Noticed Edmund
  3616 | D:5      | Noticed Eustachio
  3643 | D:4      | HP: 15/61 [Edmund/+3 dire flail of protection (9)]
  3644 | D:4      | Killed Edmund
  3645 | D:4      | Reached skill level 4 in Shields
  3712 | D:5      | HP: 10/62 [Eustachio/+0 falchion (6)]
  3713 | D:5      | HP: 2/62 [Eustachio/+0 falchion (6)]
  3714 | D:5      | Slain by an ufetubus

Vanquished Creatures
  Edmund (D:4)
  An ice beast (D:5)
  Crazy Yiuf (D:2)
  An orc priest (D:4)
  2 orc wizards (D:4)
  Terence (D:2)
  2 adders
  An ufetubus (D:5)
  4 dart slugs
  9 orcs
  5 bats
  8 endoplasms
  2 giant cockroaches (D:1)
  6 goblins
  2 hobgoblins
  4 jackals (D:1)
  4 kobolds
  A quokka (D:2)
  6 ball pythons
  A frilled lizard (D:1)
  4 rats
66 creatures vanquished.

Vanquished Creatures (others)
  4 fungi (D:3)
4 creatures vanquished.

Grand Total: 70 creatures vanquished

Table legend:
 A = Non-vault XP
 B = Vault XP
 C = Vault XP percentage of total XP
 D = Non-vault monster count
 E = Vault monster count
 F = Vault count percentage of total count
                 A         B        C        D         E       F
            +---------+---------+-------+---------+---------+-------
      Total |     398 |     240 |  37.6 |      63 |       3 |   4.5
            +---------+---------+-------+---------+---------+-------
        D:1 |      38 |       0 |   0.0 |      19 |       0 |   0.0
        D:2 |      33 |      76 |  69.7 |      12 |       2 |  14.3
        D:3 |      33 |       0 |   0.0 |      14 |       0 |   0.0
        D:4 |     153 |     164 |  51.7 |      16 |       1 |   5.9
        D:5 |     141 |       0 |   0.0 |       2 |       0 |   0.0
            +---------+---------+-------+---------+---------+-------

Illustrated notes

Table legend:
 A = Kills in this place as a percentage of kills in entire the game.
 B = Kills by you in this place as a percentage of kills by you in the entire game.
 C = Kills by friends in this place as a percentage of kills by friends in the entire game.
 D = Other kills in this place as a percentage of other kills in the entire game.
 E = Experience gained in this place as a percentage of experience gained in the entire game.
 F = Experience gained in this place divided by the number of levels of this place that you have seen.
                   A       B       C       D       E      F
               +-------+-------+-------+-------+-------+----------------------
         Total | 100.0 | 100.0 |   N/A |   N/A | 100.0 | 127.6
       Dungeon | 100.0 | 100.0 |   N/A |   N/A | 100.0 | 127.6
               +-------+-------+-------+-------+-------+----------------------

Table legend: (Time is in decaauts)
 A = Elapsed time spent in this place.
 B = Non-inter-level travel time spent in this place.
 C = Inter-level travel time spent in this place.
 D = Time resting spent in this place.
 E = Time spent auto-exploring this place.
 F = Levels seen in this place.
 G = Mean time per level.
                   A        B        C        D        E       F      G
               +--------+--------+--------+--------+--------+-----+--------+
         Total |   3732 |   3307 |    425 |     43 |   2763 |   5 |  746.4 |
       Dungeon |   3732 |   3307 |    425 |     43 |   2763 |   5 |  746.4 |
               +--------+--------+--------+--------+--------+-----+--------+

Top non-repeatable levels by time:
     D:2: 1204 daAuts
     D:1: 914 daAuts
     D:3: 837 daAuts
     D:4: 653 daAuts
     D:5: 122 daAuts
